cohdb
Replays
Latest Replays
All Replays
Popular Replays
Top Player Replays
Match Explorer
How It Works
Community
CoH3 Stats
Reddit
Sign in to upload your games and track your stats! →
Sign in with Steam
Match 42024813
Unlisted
Match 42024813
Overview
Messages
Build Orders
End
Construct Barracks
Engineer Squad
Riflemen Squad
Riflemen Squad
Riflemen Squad
Construct Medical Station
Grenade Package
Infantry Support Center
M1918 Browning Automatic Rifles
Munitions Surplus
Construct Weapon Support Center
Selects Heavy Weapons
M1919 Machine Gun Team
Selects M2HB .50cal Heavy Machine Gun
Selects Assault Carriers
Bazooka Squad
M3 Assault Carrier
Construct Tank Depot
Selects Rapid Reposition
M4A1 Sherman Medium Tank
Engineer Squad
Selects Halftrack Strongpoints
M4A1 Sherman Medium Tank
M4A1 Sherman Medium Tank
Riflemen Squad
Engineer Squad
Mo-J
Wheeler
imba ☯
Kim Jong-un
0
0
Comments
sign in to comment!
No comments posted yet!